 Dungeon Crawl Stone Soup version 0.24.1 (webtiles) character file.

Game seed: 17137984997137504650, levelgen mode: deterministic

8 MrSirius the Grave Robber (level 2, 0/19 HPs)
             Began as a Mummy Necromancer on Mar 27, 2020.
             Slain by a rat (1 damage)
             ... on level 2 of the Dungeon.
             The game lasted 00:05:09 (484 turns).

MrSirius the Grave Robber (Mummy Necromancer)        Turns: 484, Time: 00:05:35

Health: 0/19       AC:  2    Str: 11    XL:     2   Next: 0%
Magic:  4/6        EV:  9    Int: 14    God:
Gold:   44         SH:  0    Dex: 12    Spells: 5/7 levels left

rFire    x . .     SeeInvis .   (no weapon)
rCold    + . .     Gourm    .   (no shield)
rNeg     + + +     Faith    .   a - +0 robe
rPois    ∞         Spirit   .   (no helmet)
rElec    .         Reflect  .   (no cloak)
rCorr    .         Harm     .   (no gloves)
MR       .....                  (no boots)
Stlth    ++........             (no amulet)
HPRegen  0.06/turn              (no ring)
MPRegen  0.10/turn              (no ring)

@: constricted
A: no food or potions, fire vulnerability, cold resistance 1, negative energy
resistance 3, torment resistance, unbreathing
a: no special abilities


You were on level 2 of the Dungeon.
You were not hungry.

You visited 1 branch of the dungeon, and saw 2 of its levels.

You collected 44 gold pieces.

Inventory:

Missiles
 h - 20 bolts
Armour
 a - a +0 robe (worn)
 d - a +0 robe
Scrolls
 c - a scroll of identify {unknown}
 e - a scroll of amnesia {unknown}
 g - a scroll of random uselessness {unknown}
 i - a scroll of teleportation {unknown}
Potions
 b - a potion of agility {unknown}
 f - a potion of invisibility {unknown}


   Skills:
 + Level 1.8 Dodging
 - Level 1.5 Stealth
 + Level 3.0 Spellcasting
 + Level 4.1 Necromancy


You had 5 spell levels left.
You knew the following spells:

 Your Spells              Type           Power        Failure   Level  Hunger
a - Pain                  Necr           ##..         4%          1    N/A
b - Animate Skeleton      Necr           N/A          4%          1    N/A

Your spell library contained the following spells:

 Spells                   Type           Power        Failure   Level  Hunger
 Vampiric Draining        Necr           ##........   12%         3    N/A
 Animate Dead             Necr           N/A          36%         4    N/A
 Regeneration             Chrm/Necr      Unusable     N/A         3    N/A

Dungeon Overview and Level Annotations

Branches:
Dungeon (2/15)

Altars:

Annotations:
D:2 Terence


Innate Abilities, Weirdness & Mutations

You do not eat or drink.
Your flesh is vulnerable to fire.
You are immune to poison.
Your flesh is cold resistant. (rC+)
You are immune to negative energy. (rN+++)
You are immune to unholy pain and torment.
You can survive without breathing.


Message History

The ball python bites you.
* * * LOW HITPOINT WARNING * * *
The ball python constricts you. The rat bites your rat skeleton.
Your rat skeleton is destroyed!
You barely miss the hobgoblin.
The hobgoblin is almost dead.
The bat closely misses you.
The ball python bites you but does no damage.
* * * LOW HITPOINT WARNING * * *
The ball python constricts you.
The hobgoblin hits you with a cursed -1 club.
* * * LOW HITPOINT WARNING * * *
Unknown command.
You barely miss the hobgoblin.
The hobgoblin is almost dead.
The bat barely misses you.
Terence drinks a potion.
Terence seems to grow stronger.
The ball python closely misses you.
* * * LOW HITPOINT WARNING * * *
The ball python constricts you. The rat bites you.
You die...

#.......#
#.....#...........#
#.......#
#.....#.......%....
#.......#
#.....#...........#
#######.#
###################
#.# #? #.# .#
##'######. #
#......#g# .#
#......#@#.#
#......r.S#
##+#####)@r#
b.#....# ....#..(..
.......#...
####.......#
......... ##....(.


You could see Terence, a hobgoblin, a bat, a ball python and 2 rats.

Vanquished Creatures
  A ball python (D:1)
  2 bats (D:1)
  A kobold (D:2)
  2 frilled lizards (D:1)
  2 rats
8 creatures vanquished.

Notes
Turn   | Place    | Note
-------+----------+-------------------------------------------
     0 | D:1      | MrSirius the Mummy Necromancer began the quest for the Orb.
     0 | D:1      | Reached XP level 1. HP: 13/13 MP: 4/4
   412 | D:2      | Reached XP level 2. HP: 16/19 MP: 3/6
   418 | D:2      | Learned a level 1 spell: Animate Skeleton
   473 | D:2      | Noticed Terence
   484 | D:2      | Slain by a rat

Levels and vault maps discovered:
D:1:      onia_arrival_pentagram, layout_rooms
D:2:      layout_basic, nemelex_xobeh_ov_fountains_minmay,
          minmay_increasing_density, uniq_terence

Skill      XL: |  1 |
---------------+----+-----
Spellcasting   | 3 |  3.0
Dodging        | |  1.8
Stealth        | |  1.5
Necromancy     | |  4.1

Action                   || total
-------------------------++-------
Melee: Unarmed           ||     7
 Cast: Pain              ||    14
       Animate Skeleton  ||     2
Armor: Robe              ||    12
Dodge: Dodged            ||    25
